Map: Lerilak Crest

Players

Jade

  • Race: Zerg Zerg
  • League: Diamond

TTS - Winner!

  • Race: Protoss Protoss
  • League: Platinum

VOD

Have the link to the VOD?

Description

Time

  • Played on: Feb. 23, 2016, 10:56 p.m.
  • Length: 9:12
Show
View Real Time Build Order
Export as new Build Order

Jade Zerg 

Build Orders: Hatch First 

Get SALT Encoding   

  12  0:05  Drone  
  13  0:12  Overlord  
  13  0:18  Drone  
  14  0:30  Drone  
  14  0:31  Drone  
  16  0:38  Drone  
  17  0:51  Drone  
  18  1:00  Drone  
  18  1:02  Hatchery  
  18  1:18  Overlord  
  18  1:24  Drone  
  19  1:27  Spawning Pool  
  18  1:34  Drone  
  19  1:50  Drone  
  19  1:54  Drone  
  21  1:55  Hatchery  
  20  2:15  Queen  
  22  2:16  Queen  
  22  2:17  Zergling x2  
  22  2:19  Zergling x2  
  26  2:23  Zergling x2  
  26  2:27  Drone x2  
  29  2:31  Extractor  
  29  2:34  Extractor  
  27  2:38  Drone x2  
  29  2:51  Queen, Overlord  
  31  3:00  Drone x2  
  31  3:01  Drone  
  33  3:07  Roach Warren  
  33  3:12  Drone  
  33  3:13  Drone  
  34  3:21  Drone x2  
  34  3:22  Drone  
  34  3:25  Drone  
  35  3:43  Queen  
  33  3:50  Roach  
  33  3:51  Roach x3  
  39  4:07  Roach x3  
  43  4:16  Roach x2  
  47  4:35  Drone x3  
  50  4:45  Spine Crawler  
  49  5:04  Drone  
  49  5:05  Evolution Chamber  
  49  5:08  Spine Crawler, Queen, Overlord  
  47  5:22  Spore Crawler  
  42  5:29  Drone x3  
  42  5:30  Drone  
  44  5:39  Drone  
  44  5:41  Drone  
  47  5:54  Roach x3  
  53  6:01  Drone  
  53  6:02  Drone  
  55  6:07  Burrow  
  56  6:18  Drone  
  56  6:19  Drone x2  
  56  6:32  Drone x2  
  58  6:33  Overlord x2  
  58  6:39  Lair  
  48  7:18  Spore Crawler, Queen  
  48  7:22  Drone x3  
  52  7:23  Drone x3  
  52  7:24  Drone x3  
  52  7:25  Drone x5  
  52  7:26  Drone  
  64  7:34  Extractor  
  64  7:35  Extractor  
  62  7:40  Ravager  
  63  7:45  Extractor x2  
  61  7:56  Overseer  
  61  8:04  Overlord x2  
  61  8:05  Overlord x2  
  58  8:17  Drone  
  58  8:18  Drone x2  
  59  8:20  Ravager  
  59  8:39  Drone x4  
  59  8:40  Drone x3  
  66  8:42  Drone x2  
  66  8:43  Drone x5  
Show
View Real Time Build Order
Export as new Build Order

TTS Protoss - Winner!

Build Orders: Oracle Opening 

Get SALT Encoding   

  12  0:01  Probe (Chrono Boost)  
  13  0:12  Probe (Chrono Boost)  
  14  0:24  Pylon  
  14  0:25  Probe (Chrono Boost)  
  16  0:43  Probe (Chrono Boost)  
  16  0:49  Gateway  
  16  0:53  Probe (Chrono Boost)  
  17  1:04  Probe (Chrono Boost)  
  18  1:07  Assimilator  
  18  1:14  Pylon, Probe (Chrono Boost)  
  19  1:25  Probe (Chrono Boost)  
  20  1:35  Probe (Chrono Boost)  
  20  1:39  Cybernetics Core  
  21  1:42  Gateway  
  21  1:46  Probe (Chrono Boost)  
  22  1:56  Probe (Chrono Boost)  
  23  2:07  Probe (Chrono Boost)  
  24  2:18  Warp Gate  
  24  2:25  Nexus  
  24  2:28  Pylon  
  28  2:30  Adept x2 (Chrono Boost)  
  28  2:32  Assimilator  
  28  2:47  Probe  
  29  2:53  Pylon  
  29  2:54  Adept (Chrono Boost)  
  29  2:56  Adept (Chrono Boost)  
  33  3:01  Probe  
  34  3:13  Probe  
  34  3:14  Stargate  
  35  3:23  Gateway  
  35  3:25  Probe  
  36  3:37  Probe  
  36  3:39  Probe  
  36  3:49  Probe  
  36  3:50  Probe  
  36  3:56  Gateway  
  36  3:59  Oracle (Chrono Boost)  
  36  4:00  Probe  
  36  4:01  Probe  
  41  4:12  Probe  
  41  4:13  Probe  
  41  4:15  Assimilator  
  43  4:19  Assimilator  
  43  4:22  Pylon, Probe  
  42  4:25  Probe  
  42  4:31  Oracle (Chrono Boost)  
  46  4:33  Probe  
  46  4:37  Probe  
  46  4:43  Probe  
  47  4:48  Forge  
  47  4:49  Probe (Chrono Boost)  
  47  4:52  Adept, Sentry x2  
  52  4:54  Probe (Chrono Boost)  
  52  4:56  Pylon  
  55  5:02  Mothership Core (Chrono Boost)  
  55  5:06  Pylon, Probe (Chrono Boost)  
  58  5:17  Probe (Chrono Boost)  
  58  5:20  Probe (Chrono Boost)  
  60  5:27  Probe (Chrono Boost)  
  61  5:31  Probe (Chrono Boost)  
  62  5:37  Sentry  
  62  5:38  Probe (Chrono Boost), Stalker x3  
  62  5:41  Probe (Chrono Boost)  
  72  5:43  Twilight Council  
  72  5:48  Pylon  
  72  5:57  Nexus  
  72  6:01  Pylon  
  72  6:06  Probe (Chrono Boost)  
  72  6:11  Sentry x4  
  77  6:15  Probe (Chrono Boost)  
  77  6:16  Pylon  
  77  6:17  Probe (Chrono Boost)  
  83  6:23  Blink (Chrono Boost)  
  83  6:26  Probe (Chrono Boost)  
  83  6:29  Probe (Chrono Boost)  
  85  6:42  Gateway  
  85  6:44  Gateway, Sentry x2  
  85  6:45  Gateway  
  89  6:49  Gateway  
  89  6:59  Stalker  
  89  7:00  Stalker  
  93  7:07  Probe x2  
  94  7:08  Probe  
  94  7:09  Protoss Ground Weapons Level 1 (Chrono Boost)  
  94  7:15  Assimilator  
  96  7:16  Assimilator  
  96  7:17  Stalker x2  
  96  7:19  Probe  
  101  7:28  Pylon, Stalker, Sentry  
  105  7:30  Probe  
  105  7:34  Robotics Facility  
  106  7:42  Stalker x2  
  110  7:49  Probe x2  
  110  7:51  Pylon x2  
  112  7:52  Stalker  
  114  8:01  Stalker x3  
  120  8:19  Stalker x5  
  130  8:26  Warp Prism (Chrono Boost)  
  129  8:38  Stalker x3  
  135  8:44  Stalker x4  
  135  8:46  Stalker  
Tags
 
Add a new tag
Caveats
  • Supply blocks, unpowered buildings, or Contaminate may cause inaccurate times.
  • Supply counts are checked every 10 seconds.